Map: Interloper LE

Players

llllllllllll

  • Race: Terran Terran
  • League: Master
  • Spawn Location: 5:00

llllllllll - Winner!

  • Race: Zerg Zerg
  • League: Master
  • Spawn Location: 11:00

VOD

Have the link to the VOD?

Description

Time

  • Played on: Sept. 3, 2017, 1:49 a.m.
  • Length: 20:24
Show
View Real Time Build Order
Export as new Build Order

llllllllllll Terran 

Build Orders: MMM Bio 

Get SALT Encoding   

  12  0:02  SCV  
  13  0:14  SCV  
  14  0:21  Supply Depot  
  14  0:26  SCV  
  15  0:43  SCV  
  15  0:44  Barracks  
  15  0:47  Refinery  
  16  0:55  SCV  
  17  1:04  Barracks  
  17  1:07  SCV  
  18  1:19  SCV  
  19  1:31  Reaper, Orbital Command  
  20  1:39  Barracks  
  20  1:46  Refinery  
  20  1:51  Reaper  
  21  1:59  Supply Depot  
  21  2:00  SCV  
  22  2:10  Reaper  
  23  2:20  SCV  
  24  2:28  Reaper  
  25  2:32  SCV  
  26  2:39  Reaper  
  27  2:45  SCV  
  27  2:47  Supply Depot  
  27  2:49  Reaper  
  29  2:57  SCV  
  30  3:00  Reaper  
  31  3:09  SCV  
  31  3:12  Reaper  
  33  3:15  Command Center  
  33  3:21  SCV, Reaper  
  35  3:32  Reaper  
  35  3:33  SCV  
  36  3:36  Supply Depot  
  35  3:44  Reaper  
  35  3:45  SCV  
  37  3:53  Reaper  
  37  3:54  Supply Depot  
  38  3:57  SCV  
  38  4:02  Factory  
  39  4:06  Reaper  
  41  4:10  SCV  
  41  4:22  SCV  
  41  4:24  Reaper  
  43  4:26  Reaper  
  43  4:28  Orbital Command  
  44  4:34  SCV  
  45  4:46  SCV  
  46  4:53  Starport  
  46  4:54  SCV, Factory Tech Lab  
  46  4:58  SCV  
  48  5:04  Barracks Tech Lab x2  
  48  5:05  Command Center  
  48  5:06  Barracks Reactor  
  48  5:07  SCV  
  48  5:10  SCV  
  49  5:24  SCV  
  49  5:25  SCV  
  51  5:31  Engineering Bay  
  51  5:32  Refinery, Marine  
  51  5:33  Engineering Bay  
  51  5:34  Refinery  
  51  5:35  Marine  
  53  5:36  SCV  
  53  5:37  SCV  
  53  5:38  Cloaking Field  
  53  5:39  Banshee  
  58  5:48  Marine x2  
  58  5:49  SCV x2  
  62  5:50  Marine  
  62  5:53  Marine  
  64  5:59  Supply Depot  
  64  6:01  SCV x2  
  64  6:02  Supply Depot, Stimpack  
  64  6:03  Supply Depot  
  66  6:06  Marine  
  66  6:11  Combat Shields, Marine x3  
  67  6:17  SCV  
  71  6:22  Banshee  
  71  6:24  Marine  
  75  6:28  Terran Infantry Weapons Level 1  
  75  6:29  Marine x3  
  75  6:30  SCV  
  79  6:33  SCV  
  79  6:37  Terran Infantry Armor Level 1  
  80  6:42  SCV, Marine  
  80  6:45  SCV  
  80  6:46  Marine  
  83  6:48  Marine x2  
  83  6:49  Factory Reactor  
  83  6:50  Supply Depot  
  83  6:51  Supply Depot  
  86  6:54  SCV  
  86  6:57  SCV  
  88  7:06  SCV  
  87  7:11  Marine  
  87  7:12  Marine  
  87  7:13  SCV, Missile Turret  
  87  7:14  Missile Turret, Marine  
  89  7:16  Missile Turret, Orbital Command  
  89  7:21  Marine  
  87  7:29  Marine  
  87  7:37  Marine  
  87  7:39  Marine  
  87  7:40  Missile Turret, Marine  
  90  7:44  SCV  
  90  7:47  SCV  
  90  7:48  Barracks  
  90  7:49  Barracks  
  91  7:51  Factory Reactor, Marine  
  91  7:55  Marine  
  91  7:56  SCV  
  91  7:57  Marine  
  94  8:00  Marine  
  94  8:10  SCV, Missile Turret  
  95  8:13  Missile Turret  
  95  8:15  Marine x3  
  95  8:16  Medivac x2  
  95  8:17  Armory  
  95  8:19  SCV  
  103  8:22  SCV x2  
  103  8:25  Refinery  
  103  8:26  Refinery  
  105  8:31  SCV  
  107  8:34  SCV x2, Supply Depot  
  107  8:38  Bunker  
  107  8:40  Supply Depot  
  108  8:41  Supply Depot  
  108  8:43  SCV, Supply Depot  
  108  8:47  Marine  
  108  8:48  Marauder, Marine  
  114  8:50  Barracks Reactor x2  
  114  8:51  Widow Mine x2  
  114  8:52  Medivac x2  
  114  8:53  SCV  
  114  8:55  Marine  
  123  9:05  Marine x2  
  123  9:06  Unknown x2  
  123  9:09  Marine  
  124  9:10  Liberator  
  124  9:11  Liberator  
  124  9:13  Marine  
  121  9:19  Widow Mine x2  
  121  9:23  Marine  
  127  9:27  Marine x3  
  127  9:28  Marine  
  127  9:31  Marine x3  
  132  9:33  Terran Infantry Weapons Level 2  
  132  9:34  Terran Infantry Armor Level 2  
  135  9:41  Barracks x2  
  135  9:45  Marine  
  135  9:49  Marauder  
  137  9:53  Unknown  
  137  9:54  Barracks Reactor  
  137  9:56  Barracks Reactor  
  135  10:06  Marine x2  
  137  10:08  Liberator  
  137  10:10  SCV  
  137  10:11  SCV x2, Marauder  
  142  10:16  Liberator, Marine  
  142  10:19  Marine  
  144  10:23  SCV  
  144  10:26  Barracks  
  148  10:29  Starport, Barracks  
  148  10:31  Terran Vehicle And Ship Armor Level 1  
  148  10:33  Siege Tank, Marauder  
  148  10:34  Supply Depot  
  156  10:36  Supply Depot x2  
  156  10:38  Supply Depot  
  156  10:54  Marine  
  156  10:55  Marine x7  
  164  10:57  Marauder, Barracks Tech Lab  
  164  10:58  Barracks Tech Lab  
  166  11:08  Starport Reactor, Viking  
  166  11:10  Siege Tank  
  171  11:12  Marine  
  171  11:13  Marine x4  
  171  11:14  Command Center  
  171  11:16  Sensor Tower  
  171  11:17  Sensor Tower  
  176  11:18  Marine  
  176  11:19  Marauder x2  
  180  11:30  Marine x4  
  180  11:31  Marauder  
  154  11:40  Marauder  
  144  11:51  Marauder, Marine  
  144  11:59  Unknown x2  
  138  12:10  Marine x9  
  138  12:11  Marauder x2, Siege Tank, Medivac x2  
  153  12:22  Orbital Command  
  147  12:29  Planetary Fortress  
  143  12:30  Marine  
  143  12:31  Marauder, Marine  
  147  12:41  Medivac  
  147  12:43  Siege Tank  
  152  12:47  SCV x2  
  152  12:49  SCV  
  155  12:54  Terran Infantry Weapons Level 3  
  155  12:59  SCV  
  155  13:05  Liberator  
  156  13:08  Liberator  
  156  13:09  Sensor Tower  
  156  13:15  Refinery  
  156  13:18  Marine x6  
  156  13:19  Marauder, Barracks Tech Lab  
  164  13:20  Siege Tank  
  164  13:21  Medivac x2  
  178  13:27  SCV  
  178  13:35  Supply Depot x2  
  178  13:40  Supply Depot  
  178  13:42  Terran Infantry Armor Level 3  
  102  14:18  Marine  
  102  14:19  Marine x8  
  102  14:20  Marauder x2, Siege Tank  
  102  14:22  Medivac x2  
  122  14:28  Ghost Academy  
  122  14:32  Refinery x2  
  122  14:33  Marine x3  
  122  14:36  Marine  
  122  14:37  Marine x2  
  126  14:40  Marine x6  
  126  14:41  Marauder x2  
  136  14:46  Unknown x2  
  136  14:47  Unknown x2  
  136  14:51  Marauder, Marine x2  
  140  14:55  Marine x3  
  140  14:56  Siege Tank  
  140  14:58  Marine  
  147  15:00  Liberator  
  147  15:02  Marauder x2  
  151  15:12  Marine x4  
  151  15:13  Marauder  
  157  15:15  Viking  
  157  15:16  Liberator  
  157  15:19  Marine x5  
  157  15:20  Marauder, Marine  
  170  15:23  Marine x2  
  170  15:28  Siege Tank  
  175  15:29  Command Center  
  175  15:30  Marine  
  175  15:32  Marine  
  175  15:34  Marauder  
  175  15:35  Marine  
  183  15:41  Marauder x2  
  183  15:42  Marauder, Hi-Sec Auto Tracking  
  189  15:56  Marauder  
  110  16:42  Marauder, Marine x4  
  110  16:43  Marauder  
  106  16:53  Marine  
  106  16:54  Siege Tank, Marine x7  
  105  16:55  Medivac x4  
  105  16:59  Marine  
  118  17:04  Marauder  
  118  17:07  Liberator  
  118  17:08  Liberator  
  120  17:15  Marine x9  
  129  17:16  Marauder x3  
  129  17:19  Command Center  
  135  17:24  Medivac  
  135  17:26  Marine  
  135  17:27  Marauder  
  149  17:30  Liberator  
  146  17:37  Liberator, Marauder x2  
  143  17:48  Marine x5  
  143  17:49  Marine x7  
  143  17:50  Liberator x2  
  158  17:53  Refinery  
  158  17:55  Refinery  
  161  17:58  Marauder, Planetary Fortress  
  161  17:59  Marauder  
  165  18:06  Marine x2  
  165  18:07  Marauder x2  
  176  18:20  Marauder  
  125  18:35  Ghost x3  
  125  18:40  Ghost  
  129  18:42  Planetary Fortress  
  129  18:43  Marine x6  
  129  18:44  Marine x4  
  139  19:01  Marine  
  140  19:04  Marauder  
  140  19:05  Marauder  
  140  19:07  Ghost  
  140  19:08  Sensor Tower, Marine x3  
  140  19:09  Ghost, Marine x2  
  152  19:16  Missile Turret  
  153  19:17  Missile Turret  
  153  19:24  Marine  
  153  19:25  Ghost x2, Marine x2  
  160  19:39  Command Center  
  160  19:44  Command Center x2  
  160  19:56  Marine x2  
Show
View Real Time Build Order
Export as new Build Order

llllllllll Zerg - Winner!

Build Orders: Pool First 

Get SALT Encoding   

  12  0:01  Drone  
  13  0:13  Overlord  
  13  0:17  Drone  
  14  0:31  Drone x2  
  14  0:35  Drone  
  17  0:39  Extractor  
  16  0:46  Drone  
  17  0:52  Spawning Pool  
  17  0:56  Drone  
  17  1:18  Hatchery  
  16  1:20  Drone  
  18  1:25  Drone  
  18  1:31  Drone  
  19  1:42  Roach Warren  
  18  1:51  Queen  
  20  1:55  Zergling x2  
  21  2:03  Drone  
  21  2:06  Overlord  
  22  2:25  Roach x2  
  22  2:27  Queen  
  28  2:34  Roach  
  28  2:35  Roach  
  31  3:01  Drone  
  31  3:02  Overlord  
  31  3:03  Drone x3  
  35  3:20  Drone x2  
  35  3:21  Drone x3  
  35  3:23  Queen  
  42  3:27  Overlord  
  42  3:37  Roach  
  44  3:45  Lair  
  44  3:50  Roach x3  
  44  3:53  Ravager x2  
  52  3:57  Extractor x2  
  52  3:58  Overlord  
  50  4:13  Drone  
  50  4:14  Drone  
  52  4:19  Drone  
  52  4:20  Drone x7  
  60  4:29  Overlord  
  56  4:50  Roach x2  
  56  4:51  Roach  
  56  4:52  Overlord  
  62  5:00  Extractor  
  62  5:04  Spire  
  60  5:09  Drone x4  
  60  5:10  Drone x3  
  67  5:15  Drone  
  67  5:16  Drone x2  
  70  5:21  Overlord  
  70  5:27  Overlord  
  70  5:34  Ravager x2  
  72  5:36  Queen x2  
  76  5:52  Drone x2  
  76  5:53  Overlord x2  
  78  6:04  Evolution Chamber  
  77  6:20  Hatchery  
  77  6:24  Mutalisk x6  
  77  6:25  Mutalisk  
  90  6:38  Overlord x3  
  90  6:39  Drone  
  91  6:40  Drone x3  
  91  6:41  Zerg Ground Armor Level 1  
  91  7:02  Overseer  
  89  7:18  Drone  
  89  7:19  Drone x7  
  97  7:32  Overseer  
  97  7:35  Drone x6  
  103  7:39  Glial Reconstitution  
  103  7:43  Overlord x2  
  103  7:51  Overlord  
  103  8:06  Drone  
  103  8:07  Drone x8  
  103  8:10  Extractor  
  103  8:11  Extractor  
  110  8:17  Evolution Chamber, Pneumatized Carapace  
  109  8:27  Spore Crawler  
  109  8:28  Drone x2  
  109  8:30  Spore Crawler, Overlord  
  109  8:31  Overlord  
  111  8:34  Roach x3  
  111  8:35  Roach x3  
  121  8:44  Roach  
  121  8:45  Roach x5  
  133  8:51  Hatchery  
  132  8:57  Roach  
  132  8:58  Roach x5  
  132  8:59  Zerg Ground Armor Level 2  
  132  9:01  Zerg Missile Weapons Level 1  
  144  9:08  Ravager  
  144  9:09  Ravager x6  
  151  9:13  Roach x5  
  161  9:26  Roach x4  
  161  9:27  Overlord  
  161  9:28  Overlord x2  
  169  9:32  Overlord x3  
  163  9:57  Roach x7  
  177  10:16  Roach  
  177  10:17  Roach x9  
  177  10:19  Ravager  
  177  10:20  Ravager x2  
  200  10:21  Spore Crawler  
  199  10:29  Infestation Pit  
  199  10:32  Ravager x2  
  200  10:35  Metabolic Boost  
  200  10:57  Overseer x3  
  200  11:05  Hive  
  200  11:11  Zerg Flyer Weapons Level 1  
  200  11:13  Zerg Missile Weapons Level 2  
  200  11:16  Zerg Melee Weapons Level 1  
  175  11:40  Drone  
  175  11:41  Drone x11  
  167  11:53  Corruptor x2  
  167  11:54  Corruptor x3  
  144  12:12  Roach  
  144  12:13  Roach x12  
  140  12:33  Drone  
  140  12:34  Drone x4  
  145  12:51  Ultralisk Cavern  
  144  12:53  Roach x8  
  160  12:58  Extractor  
  160  13:02  Extractor  
  160  13:03  Roach  
  160  13:04  Roach x3  
  166  13:15  Roach  
  166  13:16  Roach x10  
  166  13:18  Zerg Ground Armor Level 3  
  188  13:20  Ravager x3  
  191  13:36  Hatchery  
  191  13:37  Spine Crawler  
  191  13:39  Chitinous Plating  
  189  13:42  Zergling x22  
  179  14:06  Roach x12  
  179  14:07  Roach x3  
  155  14:17  Overseer  
  155  14:18  Overseer  
  155  14:26  Ultralisk x2  
  155  14:28  Zergling x2  
  155  14:29  Zergling x14  
  175  14:35  Evolution Chamber  
  174  15:02  Drone x5  
  175  15:07  Zerg Melee Weapons Level 2  
  175  15:15  Corruptor x4  
  175  15:19  Ultralisk  
  189  15:23  Extractor  
  189  15:27  Extractor, Ultralisk  
  193  15:34  Overlord  
  193  15:50  Spore Crawler, Ultralisk  
  179  16:15  Ultralisk  
  179  16:16  Ultralisk x3  
  155  16:25  Zergling x2  
  140  16:28  Drone  
  140  16:29  Drone x7  
  140  16:30  Drone  
  143  16:38  Greater Spire  
  143  16:45  Ultralisk  
  125  16:47  Zergling x6  
  125  16:48  Zergling x2  
  116  17:00  Ultralisk  
  122  17:14  Ultralisk x2  
  134  17:23  Ultralisk  
  138  17:41  Ultralisk x2  
  148  17:45  Overseer  
  148  17:47  Zergling x2  
  148  17:48  Zergling x16  
  157  17:52  Burrow  
  157  17:58  Corruptor x2  
  160  18:18  Infestor x3  
  160  18:21  Infestor  
  160  18:26  Zergling x2  
  160  18:27  Zergling x26  
  168  19:16  Hatchery  
  167  19:26  Ultralisk x3  
  167  19:28  Overlord x3  
  167  19:30  Zergling x8  
  189  19:47  Overlord x3  
  189  19:50  Corruptor  
  189  19:52  Corruptor  
Tags
 
Composition
MMM Bio
Matchup
TvZ
Opening
Pool First
Spawn Locations
Cross Positions
Add a new tag
Caveats
  • Supply blocks, unpowered buildings, or Contaminate may cause inaccurate times.
  • Supply counts are checked every 10 seconds.